 Dungeon Crawl Stone Soup version 0.23-a0-183-gf37f6fb (webtiles) character file.

471 thisislikeit the Slicer (level 7, -1/40 HPs)
             Began as a Kobold Hunter on Sept 21, 2018.
             Slain by a wight
             ... wielding a +2 battleaxe of chopping
              (10 damage)
             ... on level 4 of the Dungeon.
             The game lasted 00:14:42 (4388 turns).

thisislikeit the Slicer (Kobold Hunter)             Turns: 4388, Time: 00:14:43

Health: -1/40      AC:  5    Str: 11    XL:     7   Next: 31%
Magic:  7/7        EV: 15    Int: 13    God:
Gold:   134        SH:  0    Dex: 15    Spells: 5/6 levels left

rFire    . . .     SeeInvis .   a - +1 hand crossbow
rCold    + . .     Gourm    .   (shield restricted)
rNeg     . . .     Faith    .   A - +2 robe {rC+}
rPois    .         Spirit   .   (no helmet)
rElec    .         Reflect  .   n - scarf {repulsion}
rCorr    .         Harm     .   (no gloves)
MR       .....                  u - +0 pair of boots
Stlth    ++........             (no amulet)
HPRegen  0.13/turn              (no ring)
MPRegen  0.10/turn              (no ring)

@: drained, repel missiles
A: small, carnivore
a: no special abilities


You were on level 4 of the Dungeon.
You were very full.

You visited 1 branch of the dungeon, and saw 4 of its levels.

You collected 134 gold pieces.

Inventory:

Hand Weapons
 a - a +1 hand crossbow (weapon)
 b - a +0 short sword
 l - a +2 trident of venom
   (You took it off Terence on level 3 of the Dungeon)
 p - a +1 whip of freezing
   (You found it on level 1 of the Dungeon)
 z - a +1 falchion of holy wrath
   (You took it off an orc on level 4 of the Dungeon)
Missiles
 d - 46 bolts (quivered)
 f - 142 stones
 s - 4 tomahawks
Armour
 c - a +0 leather armour
 n - a scarf of repulsion (worn)
   (You found it on level 1 of the Dungeon)
 u - a +0 pair of boots (worn)
   (You found it on level 3 of the Dungeon)
 A - a +2 robe of cold resistance (worn)
   (You took it off an orc wizard on level 4 of the Dungeon)
 D - a +0 ring mail
   (You took it off Terence on level 3 of the Dungeon)
Jewellery
 y - an uncursed ring of wizardry {unknown}
   (You found it on level 3 of the Dungeon)
 F - an uncursed ring of flight {unknown}
   (You found it on level 4 of the Dungeon)
Wands
 v - a wand of digging (7)
   (You took it off Terence on level 3 of the Dungeon)
 x - a wand of acid (5)
   (You found it on level 4 of the Dungeon)
Scrolls
 g - 3 scrolls of identify {@r1}
 h - a scroll of magic mapping {unknown}
 k - 3 scrolls of teleportation {unknown}
 o - 2 scrolls of amnesia {unknown}
 t - a scroll of blinking {unknown}
 B - a scroll of enchant armour {unknown}
 E - a scroll of random uselessness {unknown}
Potions
 i - a potion of agility {unknown}
 j - a potion of lignification {unknown}
 m - a potion of mutation {unknown}
 q - a potion of magic {unknown}
 r - a potion of heal wounds {unknown}
 w - a potion of cancellation {unknown}
 C - a potion of ambrosia {unknown}
Comestibles
 e - 8 rations {!d}


   Skills:
 - Level 2.1(1.7) Fighting
 + Level 9.3(8.8) Short Blades
 - Level 4.8(4.3) Crossbows
 - Level 2.4(2.0) Dodging
 - Level 1.3(0.9) Stealth


You had 5 spell levels left.
You knew the following spells:

 Your Spells              Type           Power        Failure   Level  Hunger
u - Animate Skeleton      Necr           N/A          30%         1    ##.....

Your spell library contained the following spells:

 Spells                   Type           Power        Failure   Level  Hunger
 Apportation              Tloc           #.....       30%         1    ##.....
 Confusing Touch          Hex            #.....       30%         1    ##.....
 Summon Small Mammal      Summ           #...         30%         1    ##.....


Dungeon Overview and Level Annotations

Branches:
Dungeon (4/15)
 Temple: D:4-7

Altars:

Annotations:
D:2 exclusion: 2 downstairs
D:4 Sigmund


Innate Abilities, Weirdness & Mutations

You are small and have problems with some larger weapons.
You are carnivorous and can eat meat at any time.


Message History

Sigmund the Dreaded comes into view.
He is wielding a scythe.
A wight comes into view. It is wielding a hand axe.
The adder bites you.
You are poisoned.
The adder poisons you!
You feel sick.
You feel sick. The adder closely misses you.
You feel sick.
You feel sick. The adder closely misses you.
The adder bites you but does no damage.
You feel sick.
You feel sick. The adder bites you. The adder misses you.
You feel sick. The adder bites you but does no damage.
You feel sick.
You are no longer poisoned.
The adder closely misses you. The adder completely misses you.
The adder completely misses you.
Firing (i - inventory. (/) - cycle)
d - 52 bolts (quivered)
Aim: a wight, wielding a battleaxe of chopping and wearing a robe (heavily You shoot a bolt.
The bolt hits the adder.
The adder misses you.
Firing (i - inventory. (/) - cycle)
d - 51 bolts (quivered)
Aim: an adder (moderately wounded)
You shoot a bolt. The bolt hits the adder.
The adder closely misses you. x2
Firing (i - inventory. (/) - cycle)
d - 50 bolts (quivered)
Aim: an adder (severely wounded)
You shoot a bolt. The bolt hits the adder.
The adder bites you but does no damage.
Firing (i - inventory. (/) - cycle)
d - 49 bolts (quivered)
Aim: an adder (almost dead)
You shoot a bolt. The bolt hits the adder!
You kill the adder!
The wight closely misses you.
Firing (i - inventory. (/) - cycle)
d - 48 bolts (quivered)
Aim: a wight, wielding a battleaxe of chopping and wearing a robe (heavily You shoot a bolt.
The bolt barely misses the wight.
The wight hits you with a battleaxe of chopping!!
* * * LOW HITPOINT WARNING * * *
You feel drained.
* * * LOW HITPOINT WARNING * * *
* * * LOW HITPOINT WARNING * * *
Firing (i - inventory. (/) - cycle)
d - 47 bolts (quivered)
Aim: a wight, wielding a battleaxe of chopping and wearing a robe (heavily You shoot a bolt.
The bolt hits the wight but does no damage.
The wight hits you with a battleaxe of chopping!
You die...

.........####.## .#
.........#.....####.#
.........#.....#....#
.........#..........#
##########....#.....#
.....##.............#
.....##.##....#.###.#
.....##.##....#..##.#
.....##.##....##@##.#############
.....##.##....##z##............).
####..#.##....##.##..############
#...#..........#..#
#...#........#.#..# ####
#...#........#....# #...
#...##.............# #.##
#...##.........z...# #.#
...############....# #.#


You could see 2 wights.

Vanquished Creatures
  2 wights (D:4)
  A bullfrog skeleton (D:4)
  Crazy Yiuf (D:3)
  Terence (D:3)
  Natasha (twice) (D:2)
  2 orc wizards (D:4)
  2 worker ants (D:4)
  7 adders
  An adder skeleton (D:4)
  2 worms (D:3)
  A leopard gecko (D:1)
  11 orcs
  3 giant cockroaches
  3 goblins
  6 hobgoblins
  2 quokkas
  7 bats
  4 frilled lizards
  5 kobolds
  11 rats
74 creatures vanquished.

Vanquished Creatures (collateral kills)
  Natasha (D:2)
  An orc (D:2)
  A kobold (D:2)
3 creatures vanquished.

Grand Total: 77 creatures vanquished

Notes
Turn   | Place    | Note
-------+----------+-------------------------------------------
     0 | D:1      | thisislikeit the Kobold Hunter began the quest for the Orb.
     0 | D:1      | Reached XP level 1. HP: 12/12 MP: 1/1
    86 | D:1      | Reached skill level 1 in Short Blades
   212 | D:2      | Reached skill level 2 in Short Blades
   212 | D:2      | Reached XP level 2. HP: 16/17 MP: 2/2
   412 | D:1      | Learned a level 1 spell: Animate Skeleton
   757 | D:1      | Reached skill level 3 in Short Blades
  1013 | D:1      | Reached XP level 3. HP: 19/21 MP: 3/3
  1324 | D:2      | Reached skill level 4 in Short Blades
  1733 | D:3      | Reached XP level 4. HP: 24/26 MP: 4/4
  1738 | D:3      | Noticed Terence
  1803 | D:3      | Noticed Natasha
  1810 | D:2      | Killed Natasha
  1810 | D:2      | Reached skill level 5 in Short Blades
  1945 | D:2      | Noticed Natasha
  1951 | D:2      | Killed Natasha
  1951 | D:2      | Reached XP level 5. HP: 30/30 MP: 5/5
  1999 | D:2      | Noticed Natasha
  2005 | D:2      | Killed Natasha
  2110 | D:3      | Reached skill level 6 in Short Blades
  2135 | D:3      | Killed Terence
  2746 | D:3      | Reached XP level 6. HP: 35/35 MP: 6/6
  2772 | D:3      | Reached skill level 7 in Short Blades
  2875 | D:3      | Found a runed door.
  3163 | D:3      | Noticed Crazy Yiuf
  3166 | D:3      | Killed Crazy Yiuf
  3351 | D:4      | Reached skill level 8 in Short Blades
  3945 | D:4      | Reached XP level 7. HP: 13/40 MP: 7/7
  4220 | D:4      | Reached skill level 9 in Short Blades
  4348 | D:4      | Noticed Sigmund
  4388 | D:4      | Slain by a wight

Vault maps used:
D:1:      dpeg_arrival_rooms_b
D:2:      first_ration, minivault_26
D:3:      serial_bayou_pond_c, uniq_crazy_yiuf_cottage, uniq_natasha,
          uniq_terence
D:4:      serial_curves, eino_curves_03, eino_curves_01, uniq_sigmund

Skill      XL: |  1  2  3  4  5  6  7 |
---------------+----------------------+-----
Short Blades   | 2 3 4 5 6 8 9 |  9.3
Fighting       | |  2.1
Crossbows      | |  4.8
Dodging        | |  2.4
Stealth        | |  1.3

Action                   |  1- 3 |  4- 6 |  7- 9 || total
-------------------------+-------+-------+-------++-------
Melee: Short sword       |   129 |    44 |     2 ||   175
       Falchion          |       |    33 |       ||    33
       Hand crossbow     |       |     1 |       ||     1
 Fire: Hand crossbow     |     4 |    81 |    22 ||   107
 Cast: Animate Skeleton  |    11 |     4 |       ||    15
  Use: Potion            |       |     5 |       ||     5
       Scroll            |       |     1 |       ||     1
 Stab: Sleeping          |     3 |     1 |       ||     4
  Eat: Chunk             |    13 |     7 |     1 ||    21
Armor: Leather armour    |    44 |    23 |       ||    67
       Robe              |       |     5 |     3 ||     8
Dodge: Dodged            |   116 |    90 |    18 ||   224
       Deflected         |     2 |     2 |       ||     4
       Rpst.: Falchion   |       |     8 |       ||     8

Table legend:
 A = Non-vault XP
 B = Vault XP
 C = Vault XP percentage of total XP
 D = Non-vault monster count
 E = Vault monster count
 F = Vault count percentage of total count
                 A         B        C        D         E       F
            +---------+---------+-------+---------+---------+-------
      Total |     565 |     108 |  16.0 |      74 |       3 |   3.9
            +---------+---------+-------+---------+---------+-------
        D:1 |      30 |       0 |   0.0 |      20 |       0 |   0.0
        D:2 |      97 |      35 |  26.5 |      16 |       1 |   5.9
        D:3 |      77 |      73 |  48.7 |      19 |       2 |   9.5
        D:4 |     361 |       0 |   0.0 |      19 |       0 |   0.0
            +---------+---------+-------+---------+---------+-------
